 Dungeon Crawl Stone Soup version 0.29-a0-219-g0a02b1cf4f (webtiles) character file.

Game seed: 4695101066990758766

130 shoop the Shooter (level 4, 0/26 HPs)
             Began as a Deep Elf Hunter on Feb 26, 2022.
             Slain by a gnoll
             ... wielding a +0 flail
              (8 damage)
             ... on level 2 of the Dungeon.
             The game lasted 00:02:57 (2564 turns).

shoop the Shooter (Deep Elf Hunter)                 Turns: 2564, Time: 00:02:57

Health: 0/26       AC:  4    Str:  9    XL:     4   Next: 89%
Magic:  6/6        EV: 12    Int: 18    God:
Gold:   209        SH:  0    Dex: 15    Spells: 3/3 levels left

rFire   . . .      SeeInvis .   a - +1 shortbow
rCold   . . .      Faith    .   (shield currently unavailable)
rNeg    . . .      Spirit   .   b - +0 leather armour
rPois   .          Reflect  .   (no helmet)
rElec   .          Harm     .   p - +0 cloak
rCorr   .          Rampage  .   (no gloves)
Will    .....                   (no boots)
Stlth   ++........              (no amulet)
HPRegen 0.08/turn               (no ring)
MPRegen 0.10/turn               (no ring)

@: no status effects
A: no striking features
a: no special abilities


You were on level 2 of the Dungeon.
You visited 1 branch of the dungeon, and saw 3 of its levels.

You collected 209 gold pieces.

Inventory:

Hand Weapons
 a - a +1 shortbow (weapon)
Missiles
 j - 2 throwing nets
Armour
 b - a +0 leather armour (worn)
 p - a +0 cloak (worn)
Jewellery
 l - a +6 ring of intelligence
Scrolls
 d - 5 scrolls of identify {unknown}
 e - a scroll of fog {unknown}
 f - 2 scrolls of immolation {unknown}
 g - 3 scrolls of blinking {unknown}
 h - 2 scrolls of fear {unknown}
 i - a scroll of holy word {unknown}
 k - a scroll of noise {unknown}
 m - 5 scrolls of teleportation {unknown}
 o - 2 scrolls of summoning {unknown}
Potions
 c - a potion of attraction
 n - 2 potions of magic {unknown}


   Skills:
 - Level 2.0 Fighting
 * Level 7.0 Bows
 - Level 1.0 Armour
 - Level 3.0 Dodging
 - Level 3.0 Stealth


You had 3 spell levels left.
You didn't know any spells.
Your spell library contained the following spells:

 Spells                   Type           Power      Damage    Failure   Level
 Foxfire                  Conj/Fire      0%         2x1d4     30%         1
 Pain                     Necr           0%         1d4       30%         1
 Sublimation of Blood     Necr           0%         N/A       41%         2
 Conjure Flame            Conj/Fire      0%         6-21      65%         3
 Inner Flame              Hex/Fire       0%         N/A       65%         3
 Flame Wave               Conj/Fire      0%         2d4       96%         4
 Petrify                  Tmut/Erth      0%         N/A       96%         4
 Agony                    Necr           0%         N/A       100%        5
 Excruciating Wounds      Necr           0%         N/A       100%        5
 Irradiate                Conj/Tmut      0%         3d14      100%        5


Dungeon Overview and Level Annotations

Branches:
Dungeon (3/15)

Altars:


Message History

You finish putting on your +0 cloak.
There is an escape hatch in the floor here.
o - 2 scrolls labelled VIEWAU HOQYRE (gained 1)
A gnoll shaman and 2 gnolls come into view.
The gnoll shaman shouts!
You hear a shout!
A gnoll comes into view. It is wielding a +0 halberd.
The gnoll shaman calls upon its god to speed up something.
You shoot an arrow. The arrow hits the gnoll shaman.
The gnoll shaman is moderately wounded.
The gnoll shaman calls upon its god to speed up something.
You shoot an arrow.
The arrow hits the gnoll shaman but does no damage.
The gnoll shaman is moderately wounded.
You shoot an arrow. The gnoll shouts!
The arrow hits the gnoll shaman!
The gnoll shaman is severely wounded.
You shoot an arrow. The arrow hits the gnoll shaman!
You kill the gnoll shaman!
Training target 3.0 for Stealth reached!
Your Bows skill increases to level 7!
Your Stealth skill increases to level 3!
You shoot an arrow. The arrow closely misses the gnoll.
The gnoll shouts!
The arrow hits the gnoll.
The gnoll is moderately wounded.
You shoot an arrow. The arrow hits the gnoll.
The gnoll is lightly wounded.
The gnoll hits you with a +0 flail. The gnoll completely misses you.
The gnoll closely misses you. The gnoll hits you with a +0 flail!
The gnoll closely misses you.
There is an escape hatch in the ceiling here.
The gnoll barely misses you.
The gnoll hits you from afar with a +0 spear.
A mysterious force pulls you upwards. The hatch slams shut behind you.
You are too injured to fight recklessly!
The gnoll hits you with a +0 flail!
You die...

#..........#....# #.##...
##.#.............# #.###..
..........#.######## #.# #..
####..#.#.#........########.####.
#..#.#.#........#.....##.#....
#..#.#.#........#.....##.####.
#..#.#.#.....)..#.....##.# ##
##....#.#........+.....'..# #
#.<...#.#.....@..#...††########
#.#.....#.....g..#.............
#.###.#.#........#.............
#.###.#.#.^......#..(..........
#...#.............####.........
#...+.......#.....# #.........
#...#..####.#.....####......###
#...#..####.##....#..'......+..
#...#........#....#.##......###


You could see a gnoll (fast).

Vanquished Creatures
  A gnoll shaman (D:3)
  5 adders
  A dart slug (D:2)
  6 ball pythons
  A bat (D:2)
  6 endoplasms
  5 goblins
  3 hobgoblins
  7 jackals (D:2)
  3 kobolds (D:1)
  4 quokkas
  5 frilled lizards
  5 rats
52 creatures vanquished.

Notes
Turn   | Place    | Note
-------+----------+-------------------------------------------
     0 | D:1      | shoop the Deep Elf Hunter began the quest for the Orb.
     0 | D:1      | Reached XP level 1. HP: 12/12 MP: 3/3
   145 | D:1      | Found a faded altar of an unknown god.
   206 | D:1      | Reached XP level 2. HP: 17/17 MP: 4/4
  1026 | D:2      | Reached XP level 3. HP: 20/21 MP: 5/5
  1297 | D:2      | Reached skill level 6 in Bows
  1478 | D:2      | Reached skill level 1 in Armour
  1734 | D:3      | Reached XP level 4. HP: 7/26 MP: 6/6
  2551 | D:3      | Reached skill level 7 in Bows
  2564 | D:2      | Slain by a gnoll

Illustrated notes

Levels and vault maps discovered:
D:1:      evilmike_arrival_plus, layout_basic,
          ebering_ecumenical_altar_sacrificial
D:2:      layout_basic
D:3:      layout_loops_ring

Skill      XL: |  1  2  3  4 |
---------------+-------------+-----
Stealth        | 2 3 |  3.0
Bows           | 6 7 |  7.0
Fighting       | 2 |  2.0
Dodging        | 3 |  3.0
Armour         | 1 |  1.0

Action                   |  1- 3 |  4- 6 || total
-------------------------+-------+-------++-------
Melee: Unarmed           |     1 |       ||     1
 Fire: Shortbow          |   102 |    26 ||   128
  Use: Potion            |     3 |       ||     3
Armor: Leather armour    |     7 |     1 ||     8
Dodge: Dodged            |    33 |     4 ||    37

Table legend: (Time is in decaauts)
 A = Elapsed time spent in this place.
 B = Non-inter-level travel time spent in this place.
 C = Inter-level travel time spent in this place.
 D = Time resting spent in this place.
 E = Time spent auto-exploring this place.
 F = Levels seen in this place.
 G = Mean time per level.
                   A        B        C        D        E       F      G
               +--------+--------+--------+--------+--------+-----+--------+
         Total |   2605 |   2507 |     98 |    231 |   1968 |   3 |  868.3 |
       Dungeon |   2605 |   2507 |     98 |    231 |   1968 |   3 |  868.3 |
               +--------+--------+--------+--------+--------+-----+--------+

Top non-repeatable levels by time:
     D:2: 1005 daAuts
     D:1: 1002 daAuts
     D:3: 597 daAuts
